 Dungeon Crawl Stone Soup version 0.23-a0-126-g19e28b4 (webtiles) character file.

340 Amnesiac the Gusty (level 6, -6/41 HPs)
             Began as a Mummy Air Elementalist on Aug 26, 2018.
             Mangled by a centaur (8 damage)
             ... on level 5 of the Dungeon.
             The game lasted 00:03:42 (1854 turns).

Amnesiac the Gusty (Mummy Air Elementalist)         Turns: 1854, Time: 00:03:42

Health: -6/41      AC:  4    Str: 12    XL:     6   Next: 30%
Magic:  1/13       EV: 12    Int: 16    God:
Gold:   135        SH:  0    Dex: 12    Spells: 8/15 levels left

rFire    x . .     SeeInvis .   i - +1 spear
rCold    + . .     Gourm    .   (no shield)
rNeg     + + +     Faith    .   a - +0 robe
rPois    ∞         Spirit   .   (no helmet)
rElec    .         Reflect  .   k - +0 cloak
rCorr    .         Harm     .   f - +0 pair of gloves
MR       .....                  (no boots)
Stlth    ++........             (no amulet)
HPRegen  0.13/turn              (no ring)
MPRegen  0.13/turn              (no ring)

@: about to teleport, very slightly contaminated
A: no food or potions, fire vulnerability, cold resistance 1, negative energy
resistance 3, torment resistance, unbreathing
a: no special abilities


You were on level 5 of the Dungeon.
You were not hungry.

You visited 1 branch of the dungeon, and saw 5 of its levels.

You collected 135 gold pieces.

Inventory:

Hand Weapons
 i - a +1 spear (weapon)
Armour
 a - a +0 robe (worn)
 f - a +0 pair of gloves (worn)
 j - a scarf of spirit shield
 k - a +0 cloak (worn)
Scrolls
 b - 2 scrolls of remove curse {!r, unknown}
 h - a scroll of amnesia {!r}
 l - 2 scrolls of identify {!r}


   Skills:
 - Level 1.5 Dodging
 - Level 1.5 Stealth
 + Level 5.1 Spellcasting
 - Level 0.7 Conjurations
 * Level 5.1 Air Magic


You had 8 spell levels left.
You knew the following spells:

 Your Spells              Type           Power        Failure   Level  Hunger
a - Shock                 Conj/Air       ##..         4%          1    N/A
d - Airstrike             Air            ###.......   19%         4    N/A
z - Swiftness             Chrm/Air       ##......     9%          2    N/A

Your spell library contained the following spells:

 Spells                   Type           Power        Failure   Level  Hunger
 Static Discharge         Conj/Air       ##......     14%         3    N/A
 Lightning Bolt           Conj/Air       ##........   77%         5    N/A

Dungeon Overview and Level Annotations

Branches:
Dungeon (5/15)             Temple (0/1) D:5

Altars:
Cheibriados


Innate Abilities, Weirdness & Mutations

You do not eat or drink.
Your flesh is vulnerable to fire.
You are immune to poison.
Your flesh is cold resistant. (rC+)
You are immune to negative energy. (rN+++)
You are immune to unholy pain and torment.
You can survive without breathing.


Message History

Your Air Magic skill increases to level 5!
You have reached level 6!
Your experience leads to an increase in your attributes!
Increase (S)trength, (I)ntelligence, or (D)exterity?
You feel clever.
The centaur hits you but does no damage.
Casting: Shock (safe; 4% risk of failure)
Confirm with . or Enter, or press ? or * to list all spells.
Aiming: Shock (safe; 4% risk of failure)
Press: ? - help, Shift-Dir - straight line The zap hits the centaur.
The centaur is moderately wounded.
The zap hits the centaur.
The centaur is moderately wounded.
The centaur barely misses you. The centaur hits you.
* * * LOW HITPOINT WARNING * * *
Unknown command.
Casting: Shock (safe; 4% risk of failure)
Confirm with . or Enter, or press ? or * to list all spells.
Aiming: Shock (safe; 4% risk of failure)
Press: ? - help, Shift-Dir - straight line The zap misses the centaur.
The zap hits the centaur.
The centaur is heavily wounded.
The centaur hits you.
* * * LOW HITPOINT WARNING * * *
The orc hits you but does no damage.
Unknown command.
Really read
l - 3 scrolls labeled EXISIK LAREECOT {!r}?
As you read the scroll labeled EXISIK LAREECOT {!r}, it crumbles to dust.
It is a scroll of identify.
h - a scroll of amnesia {!r} The centaur barely misses you.
The centaur hits you.
* * * LOW HITPOINT WARNING * * *
The orc closely misses you.
Really read
h - a scroll of amnesia {!r}?
Okay, then.
Unknown command.
Unknown command.
Really read
g - a scroll labeled QELLIQ LOELELE {!r}?
As you read the scroll labeled QELLIQ LOELELE {!r}, it crumbles to dust.
You hear a loud clanging noise!
It was a scroll of noise {!r}.
The centaur barely misses you. The orc hits you with a dagger.
* * * LOW HITPOINT WARNING * * *
Really read
e - a scroll labeled KOKKIE VOIDINI {!r}?
Blink to where?
Press: ? - help, Dir - move target cursor, f - you Are you sure you want to cancel this blink?
Okay, then.
As you read the scroll labeled KOKKIE VOIDINI {!r}, it crumbles to dust.
It was a scroll of blinking {!r}.
The centaur hits you.
* * * LOW HITPOINT WARNING * * *
The centaur misses you. The orc hits you but does no damage.
Really read
d - a scroll labeled WOTEMOTRUH {!r}?
As you read the scroll labeled WOTEMOTRUH {!r}, it crumbles to dust.
It is a scroll of enchant weapon.
Your +0 spear glows red for a moment.
The centaur closely misses you. The orc hits you with a dagger.
* * * LOW HITPOINT WARNING * * *
Really read
c - a scroll labeled IFOXOUR SAAMIS {!r}?
As you read the scroll labeled IFOXOUR SAAMIS {!r}, it crumbles to dust.
You feel strangely unstable.
It was a scroll of teleportation {!r}.
The centaur hits you!
You die...

#..##.#####
##.........
#..#.####
###.#.#####
#..........
###...#####
#...#
##.c###
#@o..#
####.#
#.8>8...#
#.....###
#....O
#.... .....
####


You could see a centaur and an orc.

Vanquished Creatures
  2 ogres
  A scorpion (D:4)
  Jessica (D:3)
  2 worker ants (D:4)
  A worker ant zombie (D:5)
  2 adders
  An ooze (D:4)
  An adder skeleton (D:4)
  A dart slug (D:1)
  An orc (D:3)
  3 bats
  A giant cockroach (D:4)
  2 hobgoblins
  A leopard gecko skeleton (D:5)
  2 rats
22 creatures vanquished.

Notes
Turn   | Place    | Note
-------+----------+-------------------------------------------
     0 | D:1      | Amnesiac the Mummy Air Elementalist began the quest for the
                  | Orb.
     0 | D:1      | Reached XP level 1. HP: 13/13 MP: 4/4
   382 | D:3      | Reached XP level 2. HP: 19/19 MP: 1/5
   462 | D:3      | Learned a level 2 spell: Swiftness
   493 | D:3      | Noticed Jessica
   507 | D:3      | Killed Jessica
   507 | D:3      | Reached XP level 3. HP: 24/24 MP: 3/7
   879 | D:4      | Noticed a scorpion
   891 | D:4      | Killed a scorpion
   891 | D:4      | Reached XP level 4. HP: 28/30 MP: 5/10
   897 | D:4      | Learned a level 4 spell: Airstrike
  1034 | D:4      | Noticed an ogre
  1054 | D:4      | Killed an ogre
  1054 | D:4      | Reached XP level 5. HP: 35/35 MP: 3/11
  1347 | D:5      | Entered Level 5 of the Dungeon
  1562 | D:4      | Found a snail-covered altar of Cheibriados.
  1821 | D:5      | Found a staircase to the Ecumenical Temple.
  1821 | D:5      | Noticed an ogre
  1842 | D:5      | Noticed a centaur
  1847 | D:5      | Killed an ogre
  1847 | D:5      | Reached skill level 5 in Spellcasting
  1847 | D:5      | Reached skill level 5 in Air Magic
  1847 | D:5      | Reached XP level 6. HP: 18/41 MP: 2/13
  1853 | D:5      | HP: 2/41 [orc/dagger (3)]
  1854 | D:5      | Mangled by a centaur

Vault maps used:
D:1:      nicolae_arrival_memento_mori
D:2:      gammafunk_temple_overflow_statue
D:3:      lemuel_coloured_pillars_altar, uniq_jessica
D:4:      cheibriados_altar_1
D:5:      temple_statues, first_ration, minmay_door_square,
          nemelex_altar_shiori, uniq_grinder

Skill      XL: |  1  2  3  4  5 |
---------------+----------------+-----
Spellcasting   | 3 4 5 |  5.1
Air Magic      | 3 4 5 |  5.1
Dodging        | |  1.5
Stealth        | |  1.5
Conjurations   | |  0.7

Action                   |  1- 3 |  4- 6 || total
-------------------------+-------+-------++-------
Melee: Spear             |       |     1 ||     1
 Cast: Shock             |    36 |    41 ||    77
  Use: Scroll            |       |     5 ||     5
 Stab: Sleeping          |       |     1 ||     1
Armor: Robe              |     1 |     6 ||     7
Dodge: Dodged            |    16 |    16 ||    32

Table legend:
 A = Non-vault XP
 B = Vault XP
 C = Vault XP percentage of total XP
 D = Non-vault monster count
 E = Vault monster count
 F = Vault count percentage of total count
                 A         B        C        D         E       F
            +---------+---------+-------+---------+---------+-------
      Total |     450 |      37 |   7.6 |      21 |       1 |   4.5
            +---------+---------+-------+---------+---------+-------
        D:1 |       8 |       0 |   0.0 |       4 |       0 |   0.0
        D:2 |       3 |       0 |   0.0 |       2 |       0 |   0.0
        D:3 |       7 |      37 |  84.1 |       3 |       1 |  25.0
        D:4 |     286 |       0 |   0.0 |       8 |       0 |   0.0
        D:5 |     146 |       0 |   0.0 |       4 |       0 |   0.0
            +---------+---------+-------+---------+---------+-------
